 Dungeon Crawl Stone Soup version 0.31-a0-202-g547052bce9 (webtiles) character file.

Game seed: 4650064866528125175

548 qw the Skirmisher (level 7, -2/41 HPs)
             Began as a Deep Elf Hunter on June 26, 2023.
             Slain by a scorpion (5 damage)
             ... on level 4 of the Dungeon.
             The game lasted 00:00:50 (2287 turns).

qw the Skirmisher (Deep Elf Hunter)                 Turns: 2287, Time: 00:00:51

Health: -2/41      AC:  8    Str: 10    XL:     7   Next: 7%
Magic:  9/9        EV: 11    Int: 14    God:
Gold:   159        SH:  5    Dex: 18    Spells: 6/6 levels left

rFire   . . .        Y - +1 shortbow (drain)
rCold   . . .        (shield currently unavailable)
rNeg    . . .        f - +0 ring mail
rPois   .            (no helmet)
rElec   .            (no cloak)
rCorr   +            k - +0 pair of gloves
SInv    .            b - +1 pair of boots {rampage}
Will    .....        e - amulet of reflection
Stlth   +            c - ring of resist corrosion
HPRegen 0.26/turn    (no ring)
MPRegen 0.11/turn

%: reflection, rampage
@: no status effects
A: no striking features
a: no special abilities


You were on level 4 of the Dungeon.
You visited 1 branch of the dungeon, and saw 4 of its levels.

You collected 159 gold pieces.


   Skills:
 - Level 3.4 Fighting
 + Level 9.8 Ranged Weapons
 - Level 1.2 Armour
 - Level 2.4 Dodging
 - Level 1.2 Stealth


You had 6 spell levels left.
You didn't know any spells.
Your spell library was empty.

Inventory:

Hand Weapons
 Y - a +1 shortbow of draining (weapon)
Armour
 b - a +1 pair of boots of rampaging (worn)
 f - a +0 ring mail (worn)
 k - a +0 pair of gloves (worn)
Jewellery
 c - a ring of resist corrosion (left hand)
 e - an amulet of reflection (around neck)
Scrolls
 i - 3 scrolls of identify
Potions
 a - a potion of might
 d - 2 potions of curing
 g - a potion of heal wounds {unknown}
 h - a potion of lignification {unknown}
 j - a potion of ambrosia {unknown}
 l - a potion of enlightenment
 m - a potion of attraction {unknown}

Dungeon Overview and Level Annotations

Branches:
Dungeon (4/15)
 Temple: D:4-7

Altars:
Dithmenos

Shops:
D:3 [

Annotations:
D:3 1 runed translucent door, qw's ghost, amateur DEHu


Message History

The hound is almost dead.
The hound bites you but does no damage. The kobold hits you but does no damage.
The adder bites you but does no damage. You block the scorpion's attack.
The hound bites you but does no damage. x2; The kobold closely misses you.
You shoot an arrow. The arrow hits the hound.
You kill the hound!
The adder bites you but does no damage. You block the hound's attack.
The scorpion stings you. The adder bites you. The hound barely misses you.
The kobold hits you with a +0 short sword.
You have reached level 7!
You shoot an arrow. The arrow hits the hound.
The hound is moderately wounded.
The scorpion barely misses you. You block the hound's attack.
The adder barely misses you. You block the endoplasm's attack.
The kobold hits you but does no damage. The scorpion closely misses you.
You shoot an arrow.
The arrow hits the hound but does no damage.
You drain the hound.
The hound is heavily wounded.
The hound barely misses you. The adder barely misses you.
You block the scorpion's attack. The hound bites you.
The endoplasm closely misses you. The kobold barely misses you.
You shoot an arrow. The arrow hits the hound.
The hound is almost dead.
The adder closely misses you. You block the hound's attack.
The scorpion stings you. The adder bites you but does no damage.
The endoplasm freezes you.
You are frozen.
The kobold closely misses you.
You shoot an arrow. The arrow hits the hound!
You kill the hound!
The scorpion stings you but does no damage.
The adder closely misses you. The kobold hits you but does no damage.
The endoplasm closely misses you.
Your Armour skill increases to level 1!
You shoot an arrow. The arrow closely misses the scorpion.
The scorpion stings you but does no damage.
The adder barely misses you. The kobold closely misses you.
The endoplasm freezes you.
You are frozen.
The scorpion stings you.
You die...

. .... ..... .. ..# .
..... .##.#####..#
.....##### ..........#
.........####....# #.###
...............#.###[...
...........##)........#.
......%sS..##.........#.
..>...J@..............#.
......K....#..........#.
...........^..........#.
.###+###....>.........#.
#...####.####.##. #...#
#.## #.... +...#
#....##... #...# ##
#.####. ..##### [.###.


You could see a scorpion, an adder, an endoplasm and a kobold.

Vanquished Creatures
  Grinder (D:3)
  A hornet (D:4)
  2 hounds (D:4)
  3 adders
  A worm (D:3)
  A dart slug (D:2)
  7 endoplasms
  4 giant cockroaches (D:1)
  12 goblins
  7 hobgoblins
  6 kobolds
  4 quokkas
  4 ball pythons
  2 bats
  3 frilled lizards
  4 rats
62 creatures vanquished.

Notes
Turn   | Place    | Note
-------+----------+-------------------------------------------
     0 | D:1      | qw the Deep Elf Hunter began the quest for the Orb.
     0 | D:1      | Reached XP level 1. HP: 12/12 MP: 3/3
     0 | D:1      | 0 ||| qw: Version: 0.3-a-22-g0ed2b0b
     0 | D:1      | 0 ||| qw: Game counter: 6066
     0 | D:1      | 0 ||| qw: Melee chars always use a shield: true
     0 | D:1      | 0 ||| qw: God list: Okawaru
     0 | D:1      | 0 ||| qw: Allow faded altars: false
     0 | D:1      | 0 ||| qw: Do Orc after clearing Dungeon:15 true
     0 | D:1      | 0 ||| qw: Do second Lair branch before Depths: true
     0 | D:1      | 0 ||| qw: Lair rune preference: random
     0 | D:1      | 0 ||| qw: Goals: Normal
     0 | D:1      | 0 ||| PLANNING D:1-11
    86 | D:1      | Reached XP level 2. HP: 16/16 MP: 4/4
    87 | D:1      | Reached skill level 6 in Ranged Weapons
   334 | D:1      | 334 ||| UPGRADING to +0 ring mail.
   344 | D:1      | 344 ||| DROPPING +0 leather armour.
   345 | D:1      | 345 ||| UPGRADING to +0 pair of gloves.
   350 | D:1      | 350 ||| DROPPING amulet of magic regeneration.
   351 | D:1      | 351 ||| DROPPING ring of magical power.
   352 | D:1      | 352 ||| READING scroll labelled EKHAHI SUFENG.
   353 | D:1      | 353 ||| READING scroll labelled VENAKI HIPSY.
   354 | D:1      | 354 ||| DROPPING scroll of butterflies.
   529 | D:2      | Reached XP level 3. HP: 20/20 MP: 5/5
   865 | D:2      | Reached skill level 7 in Ranged Weapons
   997 | D:2      | 997 ||| FLEEEEING.
   998 | D:2      | 998 ||| FLEEEEING.
   999 | D:2      | 999 ||| FLEEEEING.
  1000 | D:2      | 1000 ||| FLEEEEING.
  1001 | D:2      | 1001 ||| FLEEEEING.
  1076 | D:2      | 1076 ||| UPGRADING to ring of resist corrosion.
  1077 | D:2      | 1077 ||| READING scroll labelled XOAM SOEGEXEA.
  1078 | D:2      | 1078 ||| READING scroll labelled LIASIBAYTITH.
  1079 | D:2      | 1079 ||| READING scroll labelled CESHUSO XALINOH.
  1080 | D:2      | 1080 ||| READING scroll labelled VAERYO OCVAV.
  1081 | D:2      | 1081 ||| DRINKING 2 smoky ruby potions.
  1082 | D:2      | 1082 ||| DRINKING 2 blue potions.
  1083 | D:2      | 1083 ||| DRINKING 2 smoky coppery potions.
  1084 | D:2      | 1084 ||| DROPPING potion of degeneration.
  1085 | D:2      | 1085 ||| DROPPING potion of magic.
  1278 | D:3      | Reached XP level 4. HP: 25/25 MP: 6/6
  1336 | D:3      | Found a shadowy altar of Dithmenos.
  1412 | D:3      | Found a runed translucent door.
  1413 | D:3      | Noticed qw's ghost (amateur DEHu)
  1433 | D:3      | Found Xeryger's Antique Armour Shoppe.
  1443 | D:3      | 1443 ||| SHOPLISTING dyed leather armour (155 gold, have
                  | 137).
  1643 | D:3      | Found a faded altar of an unknown god.
  1815 | D:3      | Noticed Grinder
  1828 | D:3      | Killed Grinder
  1829 | D:3      | Reached skill level 9 in Ranged Weapons
  1829 | D:3      | Reached XP level 5. HP: 19/29 MP: 7/7
  1829 | D:3      | Reached XP level 6. HP: 22/34 MP: 8/8
  2032 | D:3      | 2032 ||| UPGRADING to amulet of reflection.
  2037 | D:3      | 2037 ||| READING scroll labelled EGUEGG DOECVI.
  2099 | D:3      | 2099 ||| READING scroll labelled ECIUGU ASANAUDD.
  2100 | D:3      | 2100 ||| READING scroll labelled XOL VOZXEDUA.
  2100 | D:3      | Identified a scroll of acquirement
  2100 | D:3      | 2100 ||| ACQUIRING +1 pair of boots of rampaging
  2100 | D:3      | Acquired a +1 pair of boots of rampaging
  2102 | D:3      | 2102 ||| UPGRADING to +1 pair of boots of rampaging.
  2107 | D:3      | 2107 ||| READING scroll labelled LOGGYCZ XEAD.
  2208 | D:3      | 2208 ||| DRINKING 3 bubbling amethyst potions.
  2209 | D:3      | 2209 ||| READING 2 scrolls of identify.
  2209 | D:3      | 2209 ||| IDENTIFYING murky blue potion
  2269 | D:4      | Noticed a hornet
  2278 | D:4      | Killed a hornet
  2279 | D:4      | Reached skill level 3 in Fighting
  2283 | D:4      | Reached XP level 7. HP: 11/41 MP: 9/9
  2285 | D:4      | HP: 9/41 [scorpion (2)]
  2287 | D:4      | Reached skill level 1 in Armour
  2287 | D:4      | HP: 3/41 [frozen (5)]
  2287 | D:4      | Slain by a scorpion

Levels and vault maps discovered:
D:1:      lightli_arrival_windingriver, layout_rooms
D:2:      cheibrodos_greedy_goblins, layout_loops_ring,
          chequers_serial_rivers_micro_c, minmay_circle_x
D:3:      layout_loops_corners, mainiacjoe_overflow_brackets,
          ebering_ghost_reflecting_pool, serial_shops, shop,
          basic_ecumenical_altar, grunt_ministairs_2, uniq_grinder
D:4:      layout_rooms, kennysheep_little_box, temple_statues

Skill      XL: |  1  2  3  4  5  6  7 |
---------------+----------------------+-----
Ranged Weapons | 6 7 9 |  9.8
Fighting       | 3 |  3.4
Armour         | 1 |  1.2
Dodging        | |  2.4
Stealth        | |  1.2

Action                     |  1- 3 |  4- 6 |  7- 9 || total
---------------------------+-------+-------+-------++-------
   Fire: Shortbow          |    92 |    48 |     5 ||   145
    Use: Scroll            |     6 |     5 |       ||    11
         Potion            |     3 |     1 |       ||     4
 Armour: Ring mail         |    22 |    15 |     5 ||    42
  Dodge: Dodged            |    41 |    23 |    13 ||    77
  Block: Other             |       |     9 |     4 ||    13

Table legend:
 A = Non-vault XP
 B = Vault XP
 C = Vault XP percentage of total XP
 D = Non-vault monster count
 E = Vault monster count
 F = Vault count percentage of total count
                 A         B        C        D         E       F
            +---------+---------+-------+---------+---------+-------
      Total |     458 |     326 |  41.6 |      46 |      16 |  25.8
            +---------+---------+-------+---------+---------+-------
        D:1 |      28 |       0 |   0.0 |      17 |       0 |   0.0
        D:2 |      18 |      39 |  68.4 |       9 |      14 |  60.9
        D:3 |      53 |     287 |  84.4 |      16 |       2 |  11.1
        D:4 |     359 |       0 |   0.0 |       4 |       0 |   0.0
            +---------+---------+-------+---------+---------+-------
